 Dungeon Crawl Stone Soup version 0.21-b1-23-g1fb0a74 (console) character file.

5987 toffzen the Spear-Bearer (level 10, -7/77 HPs)
             Began as a Merfolk Ice Elementalist on Jan 5, 2018.
             Was an Elder of Okawaru.
             Mangled by a komodo dragon (24 damage)
             ... on level 1 of the Lair of Beasts.
             The game lasted 01:22:20 (15022 turns).

toffzen the Spear-Bearer (MfIE)                    Turns: 15022, Time: 01:22:21

Health: -7/77      AC: 12    Str:  9    XL:     10   Next: 85%
Magic:  16/23      EV: 25    Int: 21    God:    Okawaru [****..]
Gold:   589        SH:  0    Dex: 25    Spells: 3/13 levels left

rFire    . . .     SeeInvis .   D - +0 spear (pierce)
rCold    . . .     Gourm    .   (no shield)
rNeg     + . .     Faith    .   l - +1 leather armour "Toiniteg" {*Slow rN+ Int+4 Dex+10} (curse)
rPois    .         Spirit   .   k - +0 helmet
rElec    .         Reflect  .   (no cloak)
rCorr    .         Harm     .   (no gloves)
MR       .....                  (no boots)
Stlth    ++++......             (no amulet)
HPRegen  0.22/turn              f - ring of magical power
MPRegen  0.18/turn              (no ring)

@: icy armour, about to teleport, heroism, very slightly contaminated, slow
A: change form in water, swift swim, stealthy swim
a: Heroism, Renounce Religion


You were on level 1 of the Lair of Beasts.
You worshipped Okawaru.
Okawaru was greatly pleased with you.
You were not hungry.

You visited 3 branches of the dungeon, and saw 10 of its levels.

You collected 589 gold pieces.

Inventory:

Hand Weapons
 a - a +3 spear
 v - a +0 hunting sling
 x - a +0 blowgun
 D - a +0 spear of piercing (weapon)
 G - a +0 halberd
Missiles
 i - 264 stones (quivered)
 y - 43 poisoned needles
 B - 2 needles of sleeping
 K - 7 curare-tipped needles
Armour
 g - a +0 buckler
 k - a +0 helmet (worn)
 l - the cursed +1 leather armour "Toiniteg" (worn) {*Slow rN+ Int+4 Dex+10}
   (You found it on level 4 of the Dungeon)

   It affects your intelligence (+4).
   It affects your dexterity (+10).
   It protects you from negative energy.
   It may slow you when you take damage.
   It has a curse placed upon it.
 q - a cursed +0 chain mail
 t - a +0 robe
 z - a +0 leather armour
Jewellery
 f - a ring of magical power (left hand)
 o - an uncursed ring of fire {unknown}
 C - an uncursed amulet of regeneration {unknown}
 E - an uncursed amulet of guardian spirit {unknown}
 O - an uncursed amulet of regeneration {unknown}
 S - a cursed -2 ring of intelligence {unknown}
 T - a +2 ring of dexterity {unknown}
Wands
 h - a wand of disintegration (21)
 J - a wand of enslavement (15)
 M - a wand of scattershot (13)
 Q - a wand of acid (10)
Scrolls
 d - a scroll of enchant armour {unknown}
 j - a scroll of random uselessness {unknown}
 p - 3 scrolls of teleportation
 s - 3 scrolls of magic mapping
 u - a scroll of immolation {unknown}
 A - a scroll of fear {unknown}
 F - a scroll of enchant weapon
 I - a scroll of remove curse {unknown}
 N - 2 scrolls of fog {unknown}
 P - a scroll of noise {unknown}
 U - a scroll of amnesia
Potions
 e - a potion of cancellation
 m - a potion of lignification
 n - 4 potions of curing
 r - 4 potions of agility
 w - 2 potions of invisibility
 H - a potion of heal wounds {unknown}
 L - a potion of resistance {unknown}
 R - a potion of might {unknown}
Books
 b - a book of Frost

   Spells                             Type                      Level
   a - Freeze                         Ice                          1
   b - Throw Frost                    Conjuration/Ice              2
   c - Ozocubu's Armour               Charms/Ice                   3
   d - Throw Icicle                   Conjuration/Ice              4
   e - Summon Ice Beast               Ice/Summoning                4
Comestibles
 c - 3 rations


   Skills:
 + Level 6.6(11.6) Fighting
 + Level 10.0(15.0) Polearms
 + Level 8.5(13.5) Dodging
 - Level 2.1(7.1) Stealth
 + Level 0.3(5.3) Shields
 - Level 2.0 Spellcasting
 - Level 0.7 Conjurations
 - Level 2.0 Charms
 - Level 6.5 Summonings
 - Level 8.7 Ice Magic
 + Level 5.4 Invocations


You had 3 spell levels left.
You knew the following spells:

 Your Spells              Type           Power        Failure   Level  Hunger
a - Freeze                Ice            ####         1%          1    #......
b - Ozocubu's Armour      Chrm/Ice       ###.....     6%          3    ###....
c - Throw Frost           Conj/Ice       ###...       4%          2    ##.....
d - Summon Ice Beast      Ice/Summ       ####....     9%          4    #####..


Dungeon Overview and Level Annotations

Branches:
Dungeon (8/15)             Temple (1/1) D:5            Lair (1/6) D:8

Altars:
Ashenzari
Cheibriados
Dithmenos
Elyvilon
Fedhas
Gozag
Hepliaklqana
Kikubaaqudgha
Makhleb
Nemelex Xobeh
Okawaru
Qazlal
Ru
Sif Muna
Trog
Uskayaw
Vehumet
Wu Jian
Xom
Yredelemnul
Zin
The Shining One

Shops:
D:5 }

Annotations:
D:2 Natasha
D:8 1 exclusion, Gastronok


Message History

You kill the wyvern!
Okawaru accepts your kill. The porcupine bites you!
Press: ? - help, v - describe, . - travel
Here: a komodo dragon The floor.
Unknown command.
Unknown command.
Casting: Ozocubu's Armour
Confirm with . or Enter, or press ? or * to list all spells.
You miscast Summon Ice Beast.
You are very lightly contaminated with residual magic.
You hear strange voices.
The porcupine bites you!
* * * LOW HITPOINT WARNING * * *
The komodo dragon closely misses you.
As you read the scroll of teleportation, it crumbles to dust.
You feel strangely unstable. The porcupine completely misses you.
The komodo dragon bites you!!
You die...

♣♣♣♣♣♣♣♣♣♣♣♣♣♣......#
♣..........♣ ♣......#
♣..........♣ ♣......#
♣♣♣..######..♣ ♣.##..##
.♣♣..#...⌠#..♣♣♣..#..###
.....#....'..♣♣.........
.....#.<..'..♣♣...#..##.
.....#....'..♣♣...P.##
.♣♣..#...⌠#..♣♣.@...###.
♣♣♣..######..♣♣♣lr......
♣..........♣ ♣........
♣..........♣ ♣(...##..
♣♣♣♣♣♣♣♣♣♣♣♣ ♣..#.# ..
♣♣#.#..##. ♣..........
.........####...
.........# #..


You could see a komodo dragon and a porcupine.

Vanquished Creatures
  A two-headed ogre (D:8)
  Pikel (D:8)
  A komodo dragon (D:8)
  The ghost of Sagrath01 the Chopper, an amateur HOFi of Beogh (D:3)
  Prince Ribbit (D:8)
  A hippogriff (Lair:1)
  A hornet (D:6)
  Sigmund (D:6)
  A spriggan (D:7)
  A wyvern (Lair:1)
  Grum (Lair:1)
  Menkaure (D:4)
  A porcupine (Lair:1)
  Purgy (D:4)
  2 phantoms (D:5)
  2 ice beasts
  2 black bears (D:7)
  2 necrophages
  2 sky beasts
  4 ogres
  4 wolves (Lair:1)
  3 centaurs
  2 bullfrogs
  A scorpion (D:8)
  7 wights
  A howler monkey (D:5)
  2 jellies
  A crimson imp (D:5)
  A hound (D:8)
  2 orc priests (D:4)
  A bullfrog skeleton (D:5)
  3 orc wizards
  2 iguanas
  6 worker ants
  4 gnolls (D:7)
  9 adders
  2 shadow imps
  3 oozes
  An adder skeleton (D:6)
  4 worms
  A dart slug (D:3)
  5 leopard geckos
  15 orcs
  4 giant cockroaches
  14 goblins
  8 hobgoblins
  11 jackals
  5 quokkas
  A ball python (D:3)
  8 bats
  2 frilled lizards (D:2)
  A jackal skeleton (D:7)
  11 kobolds
  A quokka skeleton (D:4)
  12 rats
186 creatures vanquished.

Vanquished Creatures (others)
  A slave (D:8)
  A crocodile (Lair:1)
  A worker ant zombie (D:8)
  12 plants
15 creatures vanquished.

Grand Total: 201 creatures vanquished

Notes
Turn   | Place    | Note
-------+----------+-------------------------------------------
     0 | D:1      | toffzen the Merfolk Ice Elementalist began the quest for the Orb.
     0 | D:1      | Reached XP level 1. HP: 13/13 MP: 3/3
   472 | D:1      | Reached XP level 2. HP: 18/19 MP: 1/5
  1200 | D:1      | Reached XP level 3. HP: 24/24 MP: 3/6
  1333 | D:1      | Learned a level 3 spell: Ozocubu's Armour
  2235 | D:2      | Reached skill level 5 in Ice Magic
  2469 | D:2      | Reached XP level 4. HP: 30/30 MP: 7/7
  2541 | D:2      | Reached skill level 1 in Charms
  2700 | D:2      | Noticed Natasha
  2920 | D:2      | Found a hazy altar of Hepliaklqana.
  3558 | D:3      | Reached skill level 1 in Polearms
  3817 | D:3      | Reached XP level 5. HP: 25/35 MP: 6/8
  4030 | D:3      | Found a glowing drain.
  4517 | D:3      | Noticed Sagrath01's ghost (amateur HOFi)
  4674 | D:3      | Reached skill level 2 in Polearms
  4926 | D:4      | Noticed Purgy
  4949 | D:4      | Killed Purgy
  4949 | D:4      | Reached skill level 1 in Fighting
  4949 | D:4      | Reached skill level 3 in Polearms
  4949 | D:4      | Reached XP level 6. HP: 20/43 MP: 0/9
  5314 | D:4      | Found the +2 Maxwell's thermic engine {flame, freeze, rF- rC-}
  5477 | D:4      | Got an amber-encrusted leather armour
  5519 | D:4      | Identified the cursed +1 leather armour "Toiniteg" {*Slow rN+ Int+4 Dex+10} (You found it on level 4 of the Dungeon)
  5831 | D:4      | Reached skill level 4 in Polearms
  6003 | D:4      | Reached XP level 7. HP: 18/50 MP: 2/10
  6279 | D:4      | Learned a level 2 spell: Throw Frost
  6284 | D:4      | Learned a level 4 spell: Summon Ice Beast
  6340 | D:4      | Noticed Menkaure
  6355 | D:4      | Killed Menkaure
  6355 | D:4      | Reached skill level 5 in Polearms
  6847 | D:5      | Entered Level 5 of the Dungeon
  6956 | D:5      | Found an ancient bone altar of Kikubaaqudgha.
  7026 | D:5      | Reached skill level 6 in Polearms
  7405 | D:5      | Found a glowing golden altar of the Shining One.
  7507 | D:5      | Found Uronkolu's Gadget Shoppe.
  7825 | D:4      | Reached skill level 5 in Dodging
  7825 | D:4      | Reached XP level 8. HP: 55/58 MP: 5/11
  7965 | D:5      | Found a staircase to the Ecumenical Temple.
  7979 | Temple   | Entered the Ecumenical Temple
  8103 | Temple   | Became a worshipper of Warmaster Okawaru
  8476 | D:5      | Reached skill level 1 in Summonings
  9357 | D:5      | Reached skill level 5 in Summonings
  9663 | D:6      | Noticed a hornet
  9676 | D:6      | Killed a hornet
  9676 | D:6      | Reached * piety under Okawaru
  9676 | D:6      | Reached XP level 9. HP: 45/64 MP: 4/12
  9852 | D:6      | Found an ornate altar of the Wu Jian Council.
  9992 | D:6      | Noticed Sigmund
 10008 | D:6      | Killed Sigmund
 10008 | D:6      | Reached skill level 7 in Polearms
 10008 | D:6      | Reached skill level 1 in Invocations
 10391 | D:6      | Reached ** piety under Okawaru
 11199 | D:7      | Reached skill level 8 in Polearms
 11346 | D:7      | Found a flagged portal.
 11481 | D:7      | Found a hide-covered altar of Uskayaw.
 11983 | D:7      | Reached *** piety under Okawaru
 12348 | D:8      | Noticed Pikel
 12361 | D:8      | Killed Pikel
 12361 | D:8      | Reached skill level 5 in Fighting
 12361 | D:8      | Reached XP level 10. HP: 63/74 MP: 13/13
 12413 | D:8      | Found a staircase to the Lair.
 12439 | D:8      | Reached skill level 9 in Polearms
 12705 | D:8      | Reached **** piety under Okawaru
 12718 | D:8      | Noticed a two-headed ogre
 12743 | D:8      | Killed a two-headed ogre
 13084 | D:8      | Noticed Gastronok
 13246 | D:8      | Noticed Prince Ribbit
 13261 | D:8      | Killed Prince Ribbit
 13825 | D:3      | Found a radiant altar of Vehumet.
 13829 | D:3      | Found an ancient bone altar of Kikubaaqudgha.
 13905 | D:3      | Killed Sagrath01's ghost
 14355 | Lair:1   | Entered Level 1 of the Lair of Beasts
 14369 | Lair:1   | Reached skill level 5 in Invocations
 14642 | Lair:1   | Noticed Grum
 14712 | Lair:1   | Killed Grum
 14712 | Lair:1   | Reached skill level 10 in Polearms
 15022 | Lair:1   | Mangled by a komodo dragon

Skill      XL: |  1  2  3  4  5  6  7  8  9 10 |
---------------+-------------------------------+-----
Ice Magic      | 4 5 6 7 8 |  8.7
Charms         | 2 |  2.0
Polearms       | 1 3 4 6 8 10 | 10.0
Fighting       | 1 2 3 5 6 |  6.6
Dodging        | 3 4 5 7 8 |  8.5
Summonings     | 6 |  6.5
Invocations    | 3 5 |  5.4
Stealth        | |  2.1
Shields        | |  0.3
Spellcasting   | |  2.0
Conjurations   | |  0.7

Action                   |  1- 3 |  4- 6 |  7- 9 | 10-12 || total
-------------------------+-------+-------+-------+-------++-------
Melee: Unarmed           |    18 |       |       |       ||    18
       Dagger            |    15 |       |       |       ||    15
       Hand axe          |    27 |     9 |       |       ||    36
       Spear             |       |   150 |   312 |   230 ||   692
       Halberd           |       |       |    37 |     8 ||    45
       Punch             |       |       |       |     6 ||     6
 Fire: Blowgun           |       |     3 |       |       ||     3
Throw: Stone             |    17 |    24 |    20 |     2 ||    63
 Cast: Freeze            |    38 |    64 |    94 |    16 ||   212
       Ozocubu's Armour  |       |     1 |    11 |     7 ||    19
       Throw Frost       |       |       |    22 |     8 ||    30
       Summon Ice Beast  |       |       |     1 |     2 ||     3
Invok: Heroism           |       |       |     2 |     6 ||     8
  Use: Scroll            |       |     6 |     9 |     3 ||    18
       Potion            |       |     3 |     1 |     1 ||     5
 Stab: Sleeping          |     2 |     9 |     6 |     3 ||    20
       Distracted        |       |       |     2 |       ||     2
  Eat: Chunk             |     3 |     8 |     5 |     5 ||    21
       Ration            |     1 |     1 |     6 |     1 ||     9
Armor: Robe              |     7 |    13 |       |       ||    20
       Leather armour    |       |     5 |    57 |    19 ||    81
       Skin              |       |    25 |     4 |       ||    29
Dodge: Dodged            |    52 |   112 |   222 |   149 ||   535
